[Event "15e Open International de Quenza"]
[Site "Quenza"]
[Date "2026.07.05"]
[Round "3.13"]
[White "DELADERRIERE, Helio"]
[Black "YANKELEVICH, Lev"]
[Result "0-1"]
[TimeControl "5min+3s"]
[WhiteTitle "-"]
[BlackTitle "GM"]
[WhiteFideId "-"]
[BlackFideId "-"]
[WhiteElo "2015"]
[BlackElo "2373"]

1. d4 Nf6 2. c4 e6 3.
Nc3 Bb4 4. Nf3 Bxc3+ 5. bxc3 d6 6. g3 b6 7. Bg2 Bb7 8. O-O O-O 9. Bg5 Nbd7 10. Re1 h6 11. Bxf6 Nxf6 12. Qc2 Be4 13. Qb3 Qd7 14. Rad1 Qc6 15.
Qb5 Qxb5 16. cxb5 a6 17. a4 axb5 18. axb5 Ra5 19. c4 d5 20. Ra1 Rfa8 21. Rac1 dxc4 22. Rxc4 Nd5 23. Nd2 Bxg2 24. Kxg2 Rxb5 25.
e4 Nf6 26. Rxc7 Rb2 27. Nc4 Rb4 28. Rc6 b5 29. Nb6 Ra2 30.
Kf3 Rb3+ 31. Re3 Rbb2 32. Kf4 Rxf2+ 33. Rf3 g5+ 0-1

[Event "15e Open International de Quenza"]
[Site "Quenza"]
[Date "2026.07.05"]
[Round "3.17"]
[White "MAZE, Sebastien"]
[Black "PANTALACCI, Antoine Marie"]
[Result "1-0"]
[TimeControl "5min+3s"]
[WhiteTitle "GM"]
[BlackTitle "-"]
[WhiteFideId "-"]
[BlackFideId "-"]
[WhiteElo "2455"]
[BlackElo "1636"]

1. e4 e5 2. Nf3 Nc6 3. Bb5 a6 4. Ba4 Nf6 5. Nc3 b5 6. Bb3 d6 7. d4 b4 8. Nd5 Be7 9. O-O O-O 10. Re1 Bb7 11. Nxe7+ Qxe7 12. Bg5 Na5 13. Ba4 Nc4 14. Bb3 Na5 15.
Qd2 Nxb3 16. axb3 a5 17.
Nh4 h6 18. Nf5 Qd8 19. Bh4 Bc8 20. dxe5 dxe5 21. Nxh6+ Kh7 22. Qxd8 Rxd8 23. Nxf7 Rd2 24. Rac1 c5 25. Nxe5 Bb7 26.
Nc4 Rd4 27. f3 a4 28. Bf2 Rd7 29. Nb6 a3 30. Nxa8 Bxa8 31. bxa3 bxa3 32. Bxc5 Bc6 33. Bxa3 Rd2 34. Bb4 Rd7 35. Rcd1 Rb7 36. Bc3 Rc7 37. Bxf6 gxf6 38. Rd6 Be8 39.
c4 Bf7 40. Rxf6 Kg7 41. e5 Re7 42. Rxf7+ Kxf7 43. e6+ Kf6 44. c5 1-0

[Event "15e Open International de Quenza"]
[Site "Quenza"]
[Date "2026.07.05"]
[Round "3.5"]
[White "FEDORCHUK, Sergey A."]
[Black "DELADERRIERE, Apollo"]
[Result "1-0"]
[TimeControl "5min+3s"]
[WhiteTitle "GM"]
[BlackTitle "-"]
[WhiteFideId "-"]
[BlackFideId "-"]
[WhiteElo "2530"]
[BlackElo "2111"]

1. e4 c6 2. d4 d5 3. exd5 cxd5 4. Bd3 Nc6 5. c3 Nf6 6. Bf4 g6 7. h3 Bf5 8. Nf3 Bxd3 9. Qxd3 Bg7 10.
Nbd2 O-O 11. O-O Qb6 12. Rab1 Rfe8 13. Rfe1 Nd7 14. Re2 Nf6 15. Ne5 e6 16. Qf3 Qa6 17. a3 Rac8 18. Rbe1 Qb6 19.
Nf1 Ne4 20. Ng4 h5 21. Nh6+ Kh7 22. Nxf7 Rf8 23. Rxe4 dxe4 24. Ng5+ Kh8 25. Qxe4 Rf6 26. Nxe6 Re8 27. d5 Nd8 28. Be3 Qd6 29. Bd4 Rfxe6 30. dxe6 Rxe6 31. Bxg7+ Kxg7 32. Qb1 Rf6 33. Ng3 Qb6 34. Ne4 Rf7 35. Qc2 Ne6 36. Qd2 a6 37. Nd6 Re7 38. Qd5 Qc6 39.
Qxc6 bxc6 40. Nc8 Rc7 41. Rxe6 Rxc8 42. Re7+ Kf6 43. Ra7 Ke5 44. Rxa6 Ke4 45. Ra5 Rd8 46. Rg5 Rd6 47. b4 Kd3 48.
Rg3+ Kc4 49. h4 Kb3 50. Kh2 Kxa3 51. Re3 Rf6 52.
Kg3 Kb3 53. f4 Kc4 54. Kf3 Rd6 55.
g4 Rd1 56. gxh5 gxh5 57. f5 Kd5 58. Kf4 Rg1 59. f6 Rg4+ 60. Kf5 Rg1 61. f7 1-0

[Event "15e Open International de Quenza"]
[Site "Quenza"]
[Date "2026.07.05"]
[Round "3.16"]
[White "ERCOLI, Andria"]
[Black "GERONIMI, Jean-Thomas"]
[Result "0-1"]
[TimeControl "5min+3s"]
[WhiteTitle "-"]
[BlackTitle "-"]
[WhiteFideId "-"]
[BlackFideId "-"]
[WhiteElo "1762"]
[BlackElo "1972"]

1. d4 f5 2. Bg5 g6 3. e3 Bg7 4. c4 Nh6 5. Nc3 Nf7 6.
Bh4 O-O 7. Nf3 d6 8. Be2 c6 9. O-O Qe8 10. d5 e5 11. dxe6 Bxe6 12. Rc1 Nd7 13. Bg3 Qe7 14. Qd2 Nde5 15. b3 Nxf3+ 16. Bxf3 Ne5 17. Be2 Rad8 18.
Rfd1 g5 19. h3 Qf6 20. f4 Ng6 21. Rf1 gxf4 22. Bxf4 Nxf4 23. Rxf4 Bh6 24. Rf3 Qe5 25. Rcf1 d5 26. cxd5 cxd5 27.
Nb5 Rfe8 28. Nd4 Bd7 29. Nc2 d4 30. Kh1 dxe3 31. Qb4 f4 32. g3 Bc6 33. gxf4 Bxf3+ 34. Rxf3 Qe4 35. Qc3 Rd2 36. Bc4+ Re6 37. Bxe6+ Qxe6 38. Rxe3 Qd5+ 0-1

[Event "15e Open International de Quenza"]
[Site "Quenza"]
[Date "2026.07.05"]
[Round "3.6"]
[White "WEBB, Laurence E"]
[Black "SUMETS, Andrey"]
[Result "0-1"]
[TimeControl "5min+3s"]
[WhiteTitle "FM"]
[BlackTitle "GM"]
[WhiteFideId "-"]
[BlackFideId "-"]
[WhiteElo "2200"]
[BlackElo "2470"]

1. d4 d5 2. c4 c6 3. cxd5 cxd5 4. Bf4 Nf6 5. Nc3 Nc6 6. e3 Bg4 7. Qb3 Na5 8. Qa4+ Bd7 9. Qc2 Rc8 10. Bd3 e6 11. Nf3 Be7 12. O-O Nc6 13. Qe2 Nh5 14. Be5 Nf6 15. h3 O-O 16. Bh2 a6 17.
Rac1 Qa5 18. Ne5 Nxe5 19. Bxe5 Bc6 20. Rc2 b5 21. a3 Bb7 22. Rfc1 Qb6 23. Na2 h6 24. Rxc8 Rxc8 25. Rxc8+ Bxc8 26.
Qc2 Bd7 27. Qc7 Qxc7 28. Bxc7 Ne4 29. Ba5 Bc6 30. f3 Nd6 31. Bb4 Kf8 32. Kf2 Ke8 33. Nc1 Nc4 34. Bxe7 Kxe7 35. Bxc4 dxc4 36.
e4 Kd6 37. Ke3 f6 38. Ne2 a5 39. Nf4 Be8 40. d5 exd5 41. Nxd5 Kc5 42. h4 b4 43. axb4+ axb4 44. Kd2 Bf7 45. Ne3 Be6 46. Nc2 Bd7 47.
Ne3 Be6 48. Nc2 g5 49. hxg5 fxg5 50.
g4 Bd7 51. Ne3 Be6 52. Nc2 Bf7 53.
Ne3 h5 54. gxh5 Bxh5 55. Ke2 b3 56.
Nd5 Kd4 57. Nf6 c3 58. bxc3+ Kxc3 59. Nd5+ Kd4 60. Kd2 Bxf3 0-1

[Event "15e Open International de Quenza"]
[Site "Quenza"]
[Date "2026.07.05"]
[Round "3.11"]
[White "UTRERA, Ludovic"]
[Black "KOSTENIUK, Alexandra"]
[Result "0-1"]
[TimeControl "5min+3s"]
[WhiteTitle "-"]
[BlackTitle "GM"]
[WhiteFideId "-"]
[BlackFideId "-"]
[WhiteElo "2067"]
[BlackElo "2392"]

1. e4 c6 2. d4 d5 3. e5 c5 4.
c3 Nc6 5. Be2 Bf5 6. Nf3 e6 7. O-O cxd4 8. Nxd4 Bg6 9. f4 Bc5 10. Kh1 Nge7 11. Nxc6 bxc6 12. Na3 Nf5 13. Nc2 h5 14. Nd4 Bxd4 15. cxd4 Qb6 16. Bd3 Qxd4 17. Bxf5 Qxd1 18. Rxd1 Bxf5 19. Be3 Kd7 20. b4 Rhb8 21. a3 a5 22. Bc5 f6 23. Kg1 Ra6 24. Kf2 Rba8 25. Rac1 axb4 26. Bxb4 Rb8 27. Rc3 Rab6 28. Rg3 Bg4 29. Rc1 fxe5 30. fxe5 g6 31.
h3 Bf5 32. Rf3 h4 33. Rfc3 Rh8 34.
Rc5 Rh5 35. Ra5 Be4 36. Ra7+ Kc8 37. Bd6 Rg5 38. Rc7+ Kd8 39. Be7+ Kxc7 40. Bxg5 Rb2+ 41. Ke3 Rxg2 42. Bxh4 Rh2 43. Be7 Rxh3+ 44. Kd4 Rd3+ 45. Kc5 Rxa3 46. Rc3 Rxc3+ 47. Kd4 0-1

[Event "15e Open International de Quenza"]
[Site "Quenza"]
[Date "2026.07.05"]
[Round "3.2"]
[White "BATSIASHVILI, Nino"]
[Black "LAGARDE, Maxime"]
[Result "0-1"]
[TimeControl "5min+3s"]
[WhiteTitle "GM"]
[BlackTitle "GM"]
[WhiteFideId "-"]
[BlackFideId "-"]
[WhiteElo "2306"]
[BlackElo "2583"]

1. d4 Nf6 2. c4 g6 3. Nc3 Bg7 4. e4 d6 5. Be2 O-O 6. h3 Nc6 7. d5 Nb4 8.
Be3 c6 9. Nf3 e6 10. dxe6 Bxe6 11. Nd4 Re8 12. O-O Na6 13. Nb3 d5 14. cxd5 cxd5 15. e5 Ne4 16. Bd4 Nb4 17. Nxe4 dxe4 18.
Nc5 Nc2 19. Qxc2 Qxd4 20. Nxe6 Rxe6 21. Qc7 Bxe5 22. Qxb7 Rb8 23. Qxb8+ Bxb8 24. Rfd1 Qe5 25. Bc4 Rf6 26. g3 Bc7 27.
Rd5 Qxb2 28. Rf1 Bb6 0-1

[Event "15e Open International de Quenza"]
[Site "Quenza"]
[Date "2026.07.05"]
[Round "3.1"]
[White "KOELLE, Tobias"]
[Black "BONELLI MAESTRACCI, Pierre Joseph"]
[Result "1-0"]
[TimeControl "5min+3s"]
[WhiteTitle "IM"]
[BlackTitle "-"]
[WhiteFideId "-"]
[BlackFideId "-"]
[WhiteElo "2613"]
[BlackElo "2205"]

1. d4 Nf6 2. c4 b6 3. f3 g6 4. e4 e5 5. dxe5 Nh5 6. Nh3 Nc6 7. Bg5 Be7 8. Bh6 Bf8 9. Bxf8 Kxf8 10. Nc3 Nxe5 11. Qd4 Qf6 12. O-O-O Bb7 13. Be2 Nc6 14. Qxd7 Nf4 15. Nxf4 Qxf4+ 16. Qd2 Qxd2+ 17. Rxd2 Rd8 18. Rxd8+ Nxd8 19. Kd2 Ke7 20. Ke3 c6 21. f4 Ne6 22. Bf3 f6 23. Rd1 g5 24. g3 h5 25.
e5 fxe5 26. fxe5 g4 27. Be2 h4 28. Bxg4 hxg3 29. hxg3 Rg8 30. Bxe6 Kxe6 31. Ne2 c5 32. Rd6+ Kxe5 33. Rd7 Bc6 34. Rxa7 Rf8 35. Nf4 Rg8 36. Ne2 Rf8 37. Ra6 Rf3+ 38. Kd2 Rf2 39. Rxb6 Bf3 40. Ke3 Rxe2+ 41. Kxf3 Rc2 42. Rb3 Rxc4 43.
Rc3 Ra4 44. Rxc5+ Kd6 45. Rc2 Rxa2 46. Re2 Ra1 47. g4 Rg1 48. Kf4 Kd7 49. Kf5 Kd6 50. g5 Kd7 51. Kf6 Kd8 52. g6 Kd7 53. Kf7 Kd6 54. g7 Rf1+ 55. Kg8 Rg1 56. b4 Rg5 57. Kh7 Rh5+ 58. Kg6 Rh4 59. Rg2 Rxb4 60. g8=Q 1-0

[Event "15e Open International de Quenza"]
[Site "Quenza"]
[Date "2026.07.05"]
[Round "3.8"]
[White "TERRIEUX, Kevin"]
[Black "DELADERRIERE, Calypso"]
[Result "1-0"]
[TimeControl "5min+3s"]
[WhiteTitle "IM"]
[BlackTitle "-"]
[WhiteFideId "-"]
[BlackFideId "-"]
[WhiteElo "2451"]
[BlackElo "2074"]

1. e4 c5 2. Nf3 e6 3. d4 cxd4 4. Nxd4 a6 5. Bd3 Nf6 6. O-O Qc7 7. Be3 d6 8. Nc3 Nbd7 9. f4 g6 10. f5 e5 11. Nb3 Bg7 12. a4 b6 13.
g4 Bb7 14. g5 Nh5 15. f6 Bf8 16. Nd5 Bxd5 17. exd5 Nc5 18. Be2 O-O-O 19. Nd2 Qb7 20. b4 Nd7 21. Ne4 Nf4 22. Rxf4 exf4 23.
Bxf4 h6 24. Nxd6+ Bxd6 25. Bxd6 Nxf6 26. Bg3 Rxd5 27. Qf1 Rf5 28. Qe1 hxg5 29. Qc3+ Kd7 30. Rd1+ Nd5 31. Qxh8 Ke6 32. Qd4 Qc6 33. c4 Nxb4 34. Bg4 Qc5 35.
Re1+ 1-0

[Event "15e Open International de Quenza"]
[Site "Quenza"]
[Date "2026.07.05"]
[Round "3.3"]
[White "FRESSINET, Laurent"]
[Black "MULLON, Jean-Baptiste"]
[Result "1-0"]
[TimeControl "5min+3s"]
[WhiteTitle "GM"]
[BlackTitle "IM"]
[WhiteFideId "-"]
[BlackFideId "-"]
[WhiteElo "2565"]
[BlackElo "2198"]

1. d4 d5 2. c4 c6 3. Nc3 Nf6 4. e3 e6 5. Nf3 Nbd7 6.
Qc2 Bd6 7. Be2 b6 8. O-O O-O 9. e4 e5 10. cxd5 cxd5 11. exd5 exd4 12. Nxd4 Bb7 13. Nc6 Qe8 14. Nb5 Be5 15.
Bf3 a6 16. Nc3 Rc8 17. Re1 Bxc6 18. dxc6 Bxh2+ 19. Kf1 Ne5 1-0

[Event "15e Open International de Quenza"]
[Site "Quenza"]
[Date "2026.07.05"]
[Round "3.12"]
[White "TREGUBOV, Pavel V."]
[Black "THIBOUS, Mathis"]
[Result "0-1"]
[TimeControl "5min+3s"]
[WhiteTitle "GM"]
[BlackTitle "-"]
[WhiteFideId "-"]
[BlackFideId "-"]
[WhiteElo "2391"]
[BlackElo "2003"]

1. e4 g6 2. d4 Bg7 3. Nf3 d6 4. Nc3 a6 5. Be2 b5 6. O-O Bb7 7. Re1 Nd7 8. Bf1 e6 9. d5 e5 10. a4 b4 11. Na2 a5 12. c3 bxc3 13. Nxc3 Ne7 14. Rb1 O-O 15. b4 axb4 16. Rxb4 Ba6 17. Bb5 h6 18. Qe2 Bxb5 19. Nxb5 Nc5 20. Qc4 c6 21. Nc3 cxd5 22. exd5 Qd7 23. Be3 Rfc8 24. Bxc5 Rxc5 25.
Qb3 Rxc3 26. Qxc3 Nxd5 27. Nxe5 Bxe5 28. Qf3 Qc6 29.
Rbe4 Kg7 30. Qb3 Nf6 31. Rc4 Qd5 32. g3 h5 33. Qb5 Qd2 34. Rb1 h4 35. Rxh4 Bd4 36. Rf4 Be5 37. Rf3 Ra5 38. Qd3 Qxd3 39.
Rxd3 Rxa4 40. f4 Bd4+ 41.
Kg2 Bc5 42. Kf3 Ra2 43. g4 Rxh2 44. g5 Nh5 45. Rf1 Rh3+ 46. Ke4 Rxd3 47. Kxd3 f6 48. Ke4 Ng3+ 0-1

[Event "15e Open International de Quenza"]
[Site "Quenza"]
[Date "2026.07.05"]
[Round "3.7"]
[White "TERNAULT, Mathieu"]
[Black "PAKLEZA, Zbigniew"]
[Result "0-1"]
[TimeControl "5min+3s"]
[WhiteTitle "FM"]
[BlackTitle "GM"]
[WhiteFideId "-"]
[BlackFideId "-"]
[WhiteElo "2188"]
[BlackElo "2453"]

1. d4 d6 2. Nf3 Bg4 3. e3 Nd7 4.
h3 Bh5 5. Be2 Ngf6 6. c4 c6 7. Nc3 e5 8. dxe5 dxe5 9.
O-O Be7 10. Nh4 Bxe2 11. Qxe2 g6 12. Rd1 O-O 13. b3 Qc7 14. Qc2 Rfe8 15. Nf3 Bf8 16. Ng5 Rad8 17. Bb2 Bg7 18. Nge4 Nxe4 19.
Nxe4 Nf8 20. Rxd8 Rxd8 21. Rd1 f5 22. Nc5 b6 23. Na4 Ne6 24. h4 h5 25. Nc3 e4 26. Na4 Bxb2 27. Nxb2 Kf7 28. Rxd8 Qxd8 29. Qc3 Qxh4 30. Na4 Qf6 31. Qd2 Qd8 32. Qc3 h4 33.
Qe5 h3 34. gxh3 Ng5 35. Kg2 Nf3 36.
Qf4 Qd1 37. Qc7+ Kg8 38. Qb8+ Kh7 39. Qc7+ Kh6 40. Kg3 Qg1+ 41. Kf4 Qh2# 0-1

[Event "15e Open International de Quenza"]
[Site "Quenza"]
[Date "2026.07.05"]
[Round "3.14"]
[White "RATIER-FONTANA, Matteo"]
[Black "SABIANI, Chjara"]
[Result "1-0"]
[TimeControl "5min+3s"]
[WhiteTitle "-"]
[BlackTitle "-"]
[WhiteFideId "-"]
[BlackFideId "-"]
[WhiteElo "2368"]
[BlackElo "1881"]

1. Nf3 Nf6 2. d4 g6 3. Bf4 Bg7 4. e3 O-O 5.
Be2 c5 6. O-O d5 7. Nbd2 Nc6 8.
c3 c4 9.
Ne5 Nxe5 10. Bxe5 Bf5 11. Bf3 Qd7 12. Bxf6 Bxf6 13. e4 dxe4 14. Bxe4 Rac8 15. Qe2 b5 16. Bxf5 Qxf5 17. Rfe1 Rfe8 18.
Nf3 a5 19. Rad1 b4 20. h3 Qb5 21. Ne5 Bxe5 22. Qxe5 Qa4 23. Ra1 bxc3 24. bxc3 Qa3 25. d5 Red8 26. h4 h5 27. Rad1 Rd7 28. Rd2 Rcd8 29. Red1 Qc5 30. Qe3 Qd6 31. Qe4 Qc5 32. Rd4 Rc8 33. g4 hxg4 34. Qxg4 Qd6 35. Re1 Rc5 36.
Red1 Kf8 37. R1d2 Rd8 38. Kg2 Rxd5 39. Rxd5 Qc6 40. Qf3 Rc8 41. Rd8+ Kg7 42. Qxc6 Rxc6 43. R8d7 Rb6 44. Rxe7 Rb1 45. Rdd7 Rc1 46.
Rxf7+ 1-0

[Event "15e Open International de Quenza"]
[Site "Quenza"]
[Date "2026.07.05"]
[Round "3.9"]
[White "DE SEROUX, Camille"]
[Black "BRODOWSKI, Piotr"]
[Result "0-1"]
[TimeControl "5min+3s"]
[WhiteTitle "WIM"]
[BlackTitle "IM"]
[WhiteFideId "-"]
[BlackFideId "-"]
[WhiteElo "2076"]
[BlackElo "2435"]

1. e4 g6 2. d4 d6 3. Nc3 a6 4. Bd3 Bg7 5. Be3 Nc6 6. Nge2 e5 7. d5 Nce7 8. O-O Nf6 9. h3 O-O 10.
f4 exf4 11. Bxf4 Nd7 12. Qd2 Ne5 13. Bh6 Bd7 14. Bxg7 Kxg7 15. Rf2 c6 16. dxc6 bxc6 17. Raf1 f6 18. Nd4 Qb6 19. Be2 Rad8 20.
Kh1 Ng8 21. Nf3 Be6 22. Nd4 Bf7 23. b3 a5 24. Na4 Qb4 25. c3 Qb7 26. Qf4 Qe7 27. Qh4 d5 28. Qg3 Kh8 29. exd5 Bxd5 30. Nf3 Bxf3 31. Bxf3 Rd3 32. Qh4 Qd6 33.
Be4 Rd2 34. c4 Rxf2 35. Qxf2 f5 36. Bc2 Nf6 37. Rd1 Qc7 38. Qc5 Re8 39. Rd6 Neg4 40. hxg4 Re1+ 41. Kh2 Re6 0-1

[Event "15e Open International de Quenza"]
[Site "Quenza"]
[Date "2026.07.05"]
[Round "3.10"]
[White "RELANGE, Eloi"]
[Black "ROUBERT, Emile"]
[Result "1-0"]
[TimeControl "5min+3s"]
[WhiteTitle "GM"]
[BlackTitle "-"]
[WhiteFideId "-"]
[BlackFideId "-"]
[WhiteElo "2416"]
[BlackElo "2021"]

1. Nf3 d5 2. g3 c5 3. Bg2 Nc6 4. d4 e6 5. O-O Nf6 6. c4 Be7 7. cxd5 exd5 8. Nc3 O-O 9. Bg5 c4 10. Ne5 Be6 11. Nxc6 bxc6 12. b3 h6 13. Bxf6 Bxf6 14.
bxc4 dxc4 15. e3 c5 16.
Ne4 cxd4 17. Nxf6+ gxf6 18. Bxa8 Qxa8 19. Qxd4 Bh3 20. e4 Bxf1 21. Rxf1 Qc6 22. Rc1 Rc8 23. Rc3 Kg7 24. Qe3 Re8 25. f3 Qb5 26. Qc1 Qc5+ 27.
Kg2 Rc8 28. Qf4 Rc6 29. Qc1 Qd4 30. Qc2 a5 31. Qc1 Rc5 32. Qe3 Qxe3 33. Rxe3 c3 34. Re1 Rb5 35. Rc1 Rb2+ 36. Kh3 c2 37. a4 Kg6 38. Kg4 Rb4 39.
Rxc2 f5+ 40. Kf4 fxe4 41. fxe4 Rxa4 42. Rc6+ Kg7 43. Ra6 Ra1 44. Kg4 a4 45. Kh5 a3 46.
Rxh6 Re1 47. Ra6 Rxe4 48. Rxa3 Re5+ 49. Kg4 Kg6 50. Ra6+ f6 51. Ra4 Rc5 52. h4 Rb5 53. Kf4 Rc5 54.
g4 Rb5 55. Kf3 Rc5 56. Rf4 Ra5 57. h5+ Kg7 58. Kg3 Ra6 59. Rb4 Rc6 60. Kh4 Rc5 1-0

[Event "15e Open International de Quenza"]
[Site "Quenza"]
[Date "2026.07.05"]
[Round "3.4"]
[White "TOMASI, Albert"]
[Black "MAURIZZI, Marc Andria"]
[Result "0-1"]
[TimeControl "5min+3s"]
[WhiteTitle "FM"]
[BlackTitle "GM"]
[WhiteFideId "-"]
[BlackFideId "-"]
[WhiteElo "2235"]
[BlackElo "2556"]

1. e4 e5 2. Nf3 Nc6 3. Bb5 a6 4. Ba4 Nf6 5. O-O Bc5 6. c3 b5 7. Bb3 d6 8. d4 Ba7 9. Qd3 O-O 10. a4 b4 11. a5 bxc3 12. bxc3 exd4 13. cxd4 Rb8 14. Bg5 h6 15.
Bh4 g5 16. e5 Rxb3 17. Qxb3 Nxd4 18. Nxd4 Bxd4 19. Ra4 dxe5 20. Bg3 Bd7 21. Ra3 Ne4 22. Qf3 f5 23. Qh5 Qf6 24. Rf3 Be8 25. Rxf5 Bxh5 26. Rxf6 Rxf6 27. Na3 Be2 0-1

[Event "15e Open International de Quenza"]
[Site "Quenza"]
[Date "2026.07.05"]
[Round "3.15"]
[White "GERONIMI, Didier"]
[Black "KJARTANSSON, Gudmundur"]
[Result "0-1"]
[TimeControl "5min+3s"]
[WhiteTitle "-"]
[BlackTitle "GM"]
[WhiteFideId "-"]
[BlackFideId "-"]
[WhiteElo "1640"]
[BlackElo "2367"]

1. e4 c6 2. d4 d5 3. exd5 cxd5 4. Bd3 Nc6 5. c3
Qc7 6. Nf3 Bg4 7. Be3 e6 8. Nbd2 Bd6 9. g3 Nge7 10. Qc2 Rc8 11. O-O Bf5 12. Bxf5 Nxf5 13. Rae1 O-O 14. Qb1 h6 15. Nb3 b6 16. Ne5 Bxe5 17. dxe5 Nxe3 18. Rxe3 Nxe5 19. Nd2 a5 20. h3 b5 21. Rfe1 Nc6 22. a3 Rfd8 23. Rc1 Ne7 24. Nb3 Nf5 25. Rd3 0-1

[ePGN "0.1;DGT LiveChess/2.2.11"]

[Event "15e Open International de Quenza"]
[Site "Quenza"]
[Date "2026.07.05"]
[Round "4.10"]
[White "BENZIDI, Lyad"]
[Black "BATSIASHVILI, Nino"]
[Result "0-1"]
[TimeControl "5min+3s"]
[WhiteTitle "-"]
[BlackTitle "GM"]
[WhiteFideId "-"]
[BlackFideId "-"]
[WhiteElo "1846"]
[BlackElo "2306"]

1. d4 d5 2. c4 e6 3.
Nf3 Nf6 4. g3 Bd6 5. Bg2 O-O 6. O-O Nbd7 7. Qc2 b6 8.
cxd5 exd5 9. Nc3 Bb7 10. Nb5 Re8 11.
Nxd6 cxd6 12. Bf4 Nf8 13. Rac1 Ba6 14. Rfe1 Rc8 15. Qa4 Rxc1 16. Rxc1 Bxe2 17. Qxa7 Ne6 18. Be3 Ng4 19. Bd2 Qf6 20.
Qa3 Nxd4 21. Nxd4 Qxf2+ 22. Kh1 Qxd4 23. Be1 Nf2+ 24. Bxf2 Qxf2 25. Qa4 b5 26. Qf4 Qxf4 27. gxf4 d4 28.
Re1 d3 0-1

[Event "15e Open International de Quenza"]
[Site "Quenza"]
[Date "2026.07.05"]
[Round "4.5"]
[White "YANKELEVICH, Lev"]
[Black "FEDORCHUK, Sergey A."]
[Result "1-0"]
[TimeControl "5min+3s"]
[WhiteTitle "GM"]
[BlackTitle "GM"]
[WhiteFideId "-"]
[BlackFideId "-"]
[WhiteElo "2373"]
[BlackElo "2530"]

1. d4 Nf6 2. c4 e6 3. g3 Bb4+ 4. Bd2 a5 5. Bg2 O-O 6. e3 d6 7. Ne2 Bxd2+ 8.
Qxd2 e5 9. Nbc3 Nc6 10. h3 h6 11. g4 Re8 12.
O-O exd4 13. exd4 Ne7 14. Nf4 c6 15. Rfe1 Bd7 16. Re2 g5 17. Nd3 Ng6 18. Rxe8+ Qxe8 19. f4 Nh7 20. Re1 Qf8 21. Ne4 f6 22.
f5 Nh4 23. c5 dxc5 24. dxc5 Nxg2 25. Kxg2 Be8 26. Nd6 Bf7 27. Nxb7 Bxa2 28. Nd6 Bd5+ 29. Kg1 Qb8 30. Re8+ Qxe8 31.
Nxe8 Rxe8 32. Qxa5 Re3 33. Nb4 Be4 34. Qd8+ Nf8 35. Qd4 Rg3+ 36. Kf2 Rg2+ 37. Kf1 Bf3 38. Qxf6 Rh2 39. Nxc6 Bxc6 40.
Qxc6 Rxh3 41. Qd5+ Kg7 42. c6 Re3 43.
Qd4+ 1-0

[Event "15e Open International de Quenza"]
[Site "Quenza"]
[Date "2026.07.05"]
[Round "4.7"]
[White "KJARTANSSON, Gudmundur"]
[Black "MAZE, Sebastien"]
[Result "1-0"]
[TimeControl "5min+3s"]
[WhiteTitle "GM"]
[BlackTitle "GM"]
[WhiteFideId "-"]
[BlackFideId "-"]
[WhiteElo "2367"]
[BlackElo "2455"]

1. Nf3 Nf6 2. c4 g6 3. d4 Bg7 4. g3 O-O 5. Nc3 d6 6.
Bg2 c6 7. O-O Bf5 8. Nh4 Bd7 9.
e4 e5 10. dxe5 dxe5 11. h3 Be6 12.
b3 Qc8 13. Kh2 Na6 14. Be3 Rd8 15. Qc2 Nd7 16. a3 Bf8 17. f4 f6 18. f5 Bf7 19. fxg6 hxg6 20. Rf2 Be7 21. b4 Kg7 22. Bf1 Nc7 23. Nf3 a5 24. Rb1 axb4 25. axb4 Rh8 26. h4 Nf8 27.
Kg1 Be6 28. c5 Bg4 29. Bc4 Be6 30. Bf1 Bg4 31. Bc4 Be6 32. Nd2 Qe8 33. Rbf1 Bh3 34. Re1 Nfe6 35. Nf3 Nf8 36. Nd5 cxd5 37. exd5 Bf5 38. Qb2 Rd8 39. d6 Bxd6 40. cxd6 Rxd6 41. Bc5 Rd7 42. Nxe5 fxe5 43. Rxe5 Rd1+ 44. Kh2 Kh7 45. Rxe8 Nxe8 46. g4 b5 47. Bxf8 Rxf8 48. gxf5 1-0

[Event "15e Open International de Quenza"]
[Site "Quenza"]
[Date "2026.07.05"]
[Round "4.14"]
[White "APPIETTO, Andria"]
[Black "WEBB, Laurence E"]
[Result "0-1"]
[TimeControl "5min+3s"]
[WhiteTitle "-"]
[BlackTitle "FM"]
[WhiteFideId "-"]
[BlackFideId "-"]
[WhiteElo "1815"]
[BlackElo "2200"]

1. d4 Nf6 2. Nf3 e6 3. Bg5 h6 4. Bh4 b6 5. Nbd2 Bb7 6. e3 d6 7. Bd3 g5 8.
Bg3 g4 9. Nh4 Rg8 10. h3 Nh5 11.
hxg4 Nxg3 12. fxg3 Qg5 13. Be4 Qxe3+ 14. Qe2 Qxe2+ 15. Kxe2 Nc6 16. c3 Rxg4 17. Kf3 Rg5 18. Kf2 O-O-O 19. Ndf3 Rg4 20. Bc2 Be7 21. Rad1 Rdg8 22.
Rh3 Bxh4 23. Nxh4 Ne7 24. Nf3 Nf5 25. Bxf5 exf5 26. Rd2 f4 27. gxf4 Rxg2+ 28. Ke3 Re8+ 29. Kd3 Be4+ 0-1

[Event "15e Open International de Quenza"]
[Site "Quenza"]
[Date "2026.07.05"]
[Round "4.17"]
[White "DELADERRIERE, Apollo"]
[Black "ERCOLI, Andria"]
[Result "1-0"]
[TimeControl "5min+3s"]
[WhiteTitle "-"]
[BlackTitle "-"]
[WhiteFideId "-"]
[BlackFideId "-"]
[WhiteElo "2111"]
[BlackElo "1762"]

1. e4 c5 2. c3 d5 3. exd5 Qxd5 4. d4 Bf5 5. Nf3 Nc6 6.
Be3 cxd4 7. cxd4 Bxb1 8. Rxb1 e6 9. a3 Nf6 10. Be2 Be7 11. h3 O-O 12. O-O Rfd8 13. b4 Ne4 14. Qd3 Rac8 15.
Rfc1 Bf6 16. Rd1 Ne7 17. Rbc1 Nf5 18. g4 Rxc1 19. Rxc1 Nxe3 20. fxe3 e5 21. dxe5 Qxd3 22. Bxd3 Rxd3 23. exf6 gxf6 24. Nd4 Rc3 25. Rd1 Rxa3 26. Nf5 h5 27.
gxh5 a5 28. Rd8+ Kh7 29. Rd7 axb4 30.
Rxf7+ Kg8 31. Rxb7 b3 32. h6 Ra1+ 33. Kg2 Ra2+ 34. Kf3 Ng5+ 35. Kg3 b2 36. h4 Ne4+ 37. Kg4 Nc3 38. Ne7+ Kf8 39. Ng6+ Ke8 40. h7 1-0

[Event "15e Open International de Quenza"]
[Site "Quenza"]
[Date "2026.07.05"]
[Round "4.16"]
[White "FERRANDI, Bernard"]
[Black "TERNAULT, Mathieu"]
[Result "0-1"]
[TimeControl "5min+3s"]
[WhiteTitle "-"]
[BlackTitle "FM"]
[WhiteFideId "-"]
[BlackFideId "-"]
[WhiteElo "1796"]
[BlackElo "2188"]

1. e4 e6 2. d4 d5 3. exd5 exd5 4. c4 Bb4+ 5. Bd2 Bxd2+ 6. Qxd2 Nf6 7. Nc3 O-O 8. cxd5 Nbd7 9. Nf3 Nb6 10. Be2 Nbxd5 11. O-O Bg4 12.
Ne5 Bxe2 13. Nxe2 Re8 14. f4 Qd6 15. Ng3 Qb4 16. Qxb4 Nxb4 17. a3 Nbd5 18. Rae1 Rad8 19. Ne2 Ne3 20.
Rf3 Nf5 21. Rd3 h5 22. Rc1 c6 23. h3 h4 24. Kh2 Rd5 25. Nc3 Rxd4 26. Rxd4 Nxd4 27. Rd1 Nf5 28. Ne2 Nd5 29. g4 hxg3+ 30. Nxg3 Nxf4 31. Nxf5 Rxe5 32. Rd8+ Kh7 33. Nd6 f6 34. Nxb7 Rb5 35.
Rd7 Rxb2+ 36. Kg3 Nd5 37.
Nc5 Kh6 38. Rxa7 g5 39. Ra6 Ra2 40. Rxc6 Rxa3+ 41. Kh2 Kg6 42. Ne4 Rf3 43. Rd6 Ne7 44. Kg2 Rf4 45. Re6 Nd5 46. Nc5 Kf5 47.
Rd6 Ne3+ 48. Kg3 Kg6 49. Re6 Nf5+ 50. Kh2 Nh4 51. Nd3 Rd4 52. Ne1 Rd2+ 53. Kg3 Nf5+ 54. Kg4 Nh4 55. Nf3 Rg2# 0-1

[Event "15e Open International de Quenza"]
[Site "Quenza"]
[Date "2026.07.05"]
[Round "4.13"]
[White "BONELLI MAESTRACCI, Pierre Joseph"]
[Black "SIBILLE, Ettore"]
[Result "1-0"]
[TimeControl "5min+3s"]
[WhiteTitle "-"]
[BlackTitle "-"]
[WhiteFideId "-"]
[BlackFideId "-"]
[WhiteElo "2205"]
[BlackElo "1822"]

1. e4 c5 2. Nf3 g6 3. d4 cxd4 4. Nxd4 Bg7 5. c4 Nc6 6. Be3 Qb6 7. Nb5 Qd8 8. N1c3 a6 9. Nd4 Nf6 10. Be2 O-O 11. O-O d6 12. f3 Bd7 13. Rc1 Nxd4 14. Bxd4 Bc6 15. Qd2 Nd7 16. Rfd1 Bxd4+ 17. Qxd4 Qb6 18. Qxb6 Nxb6 19. Kf2 Rac8 20. b3 Nd7 21. Ke3 Kg7 22. b4 Ne5 23. f4 Nd7 24. b5 axb5 25. cxb5 Nc5 26.
bxc6 bxc6 27. Rb1 Rc7 28.
Rb4 Ra8 29. a4 Rca7 30. Ra1 Ra5 31. Rb6 Nxa4 32. Rxa4 Rxa4 33. Nxa4 Rxa4 34. Rxc6 Ra7 35. Bd3 Rb7 36. g3 Rb2 37. Rc2 Rb4 38. Bc4 Kf6 39. Bd5 Ra4 1-0